 Dungeon Crawl Stone Soup version 0.17-a0-1949-g1acca9a (webtiles) character file.

131 Ordine the Twirler (level 4, -2/55 HPs)
             Began as a Minotaur Gladiator on Oct 2, 2015.
             Slain by Purgy (3 damage)
             ... on level 3 of the Dungeon.
             The game lasted 00:04:19 (1443 turns).

Ordine the Twirler (Minotaur Gladiator)             Turns: 1443, Time: 00:04:21

Health: -2/55      AC: 22    Str: 20    XL:     4   Next: 91%
Magic:  3/3        EV:  2    Int:  5    God:
Gold:   122        SH:  0    Dex: 11    Spells: 0 memorised, 3 levels left

rFire  . . .     SeeInvis .     a - +0 quarterstaff
rCold  . . .     Clarity  .     (armour currently unavailable)
rNeg   + + +     SustAt   .     (no shield)
rPois  +         Gourm    .     (helmet currently unavailable)
rElec  .         Spirit   .     (cloak currently unavailable)
rCorr  .         Warding  .     (gloves currently unavailable)
rMut   .         NoTele   +     (boots currently unavailable)
MR     .....                    (no amulet)
Stlth  +.........               (no ring)
                                (no ring)

@: tree-form, not resistant to hostile enchantments, very unstealthy
A: (retaliatory headbutt), (horns 0)
a: no special abilities


You were on level 3 of the Dungeon.
You were not hungry.
You were a tree.
You visited 1 branch of the dungeon, and saw 3 of its levels.

You collected 122 gold pieces.

Inventory:

Hand weapons
 a - a +0 quarterstaff (weapon)
Missiles
 d - 3 throwing nets (quivered)
Armour
 b - a +0 leather armour (melded)
 c - a +0 hat (melded)
 h - a +0 pair of gloves (melded)
Jewellery
 o - an uncursed amulet of faith {unknown}
Magical devices
 f - a wand of slowing (26)
Potions
 i - a potion of cancellation {unknown}
 k - a potion of brilliance {unknown}
 l - a potion of curing {unknown}
 m - a potion of invisibility {unknown}
 n - a potion of lignification
 q - 2 potions of resistance {unknown}
Comestibles
 e - 3 bread rations
 g - a meat ration
 j - a slice of pizza
 p - 2 chunks of flesh


   Skills:
 - Level 2.4 Fighting
 + Level 6.8 Staves
 - Level 2.0 Throwing
 - Level 3.2 Dodging


You had 3 spell levels left.
You didn't know any spells.

Dungeon Overview and Level Annotations

Branches:
Dungeon (3/15)

Altars:
Qazlal
The Shining One

Annotations:
D:3 Purgy


Innate Abilities, Weirdness & Mutations

((You reflexively headbutt those who attack you in melee.))
((You have a pair of horns on your head.))


Message History

* * * LOW HITPOINT WARNING * * *
Purgy barely misses you. Purgy claws you.
* * * LOW HITPOINT WARNING * * *
You closely miss Purgy.
Purgy is severely wounded.
Purgy closely misses you. Purgy claws you but does no damage. Purgy claws you.
* * * LOW HITPOINT WARNING * * *
You barely miss Purgy.
Purgy is severely wounded.
Purgy bites you.
* * * LOW HITPOINT WARNING * * *
Purgy claws you but does no damage. Purgy barely misses you.
Drink which item? (? for menu, Esc to quit)
It was a potion of lignification.
You turn into a tree.
Your +0 hat melds into your body.
Your +0 pair of gloves melds into your body.
Your +0 leather armour melds into your body.
Your roots penetrate the ground.
Purgy bites you but does no damage. Purgy claws you but does no damage.
Purgy claws you.
You die...

>.###...###......#
#............###.#
......##.##### #.#
###.#....# #.#
#.#.#### #.#
#.#.###### #.#
#.#......# #.#
#.#.####.# #.#
#.### #.# #♣# #.#
#.#...T.# #.#
#.###.### #.# #.
§§§ #.# # §§§ #.#
§§§ ### §§§ ###


You could see Purgy.

Vanquished Creatures
  3 gnolls (D:2)
  4 adders
  An ooze (D:2)
  2 worms (D:2)
  A giant gecko (D:2)
  An orc (D:3)
  4 giant cockroaches
  10 hobgoblins
  2 jackals (D:1)
  4 ball pythons
  6 bats
  2 giant newts (D:1)
  5 goblins
  9 kobolds
  5 rats
59 creatures vanquished.

Notes
Turn   | Place    | Note
--------------------------------------------------------------
     0 | D:1      | Ordine the Minotaur Gladiator began the quest for the Orb.
     0 | D:1      | Reached XP level 1. HP: 18/18 MP: 0/0
    26 | D:1      | Reached skill level 4 in Staves
    91 | D:1      | Reached XP level 2. HP: 12/25 MP: 1/1
   234 | D:1      | Reached skill level 5 in Staves
   332 | D:2      | Reached XP level 3. HP: 30/30 MP: 2/2
   412 | D:2      | Reached XP level 4. HP: 9/37 MP: 3/3
   687 | D:2      | Reached skill level 6 in Staves
  1294 | D:3      | Found a glowing golden altar of the Shining One.
  1317 | D:3      | Found a stormy altar of Qazlal.
  1430 | D:3      | Noticed Purgy
  1442 | D:3      | HP: 1/37 [Purgy (3)]
  1443 | D:3      | Slain by Purgy

Vault maps used:
D:1:      lightli_arrival_boilingwater, minmay_strange_pillars, minivault_26
D:2:      first_bread, amethyst_killhole
D:3:      tso_metal_star, minmay_misc_feat_cross, corexii_corridor_pit,
          grunt_ministairs_10, nicolae_qazlal_eye_of_the_storm, uniq_purgy

Action                   |  1- 3 |  4- 6 || total
-------------------------+-------+-------++-------
Melee: Quarterstaff      |    56 |    50 ||   106
  Use: Scroll            |     3 |     3 ||     6
       Potion            |       |     1 ||     1
  Eat: Chunk             |       |     2 ||     2
